 Dungeon Crawl Stone Soup version 0.30.0-5-g1a98f26d00 (webtiles) character file.

Game seed: 10225707973486254401

420 NinjaNoafa the Magician (level 6, -1/28 (33) HPs)
             Began as a Deep Elf Transmuter on May 9, 2023.
             Slain by a wight
             ... wielding a +0 scimitar
              (3 damage)
             ... on level 3 of the Dungeon.
             The game lasted 00:05:50 (2215 turns).

NinjaNoafa the Magician (Deep Elf Transmuter)       Turns: 2215, Time: 00:05:50

HP:   -1/28 (33)    AC:  2    Str:  7    XL:     6   Next: 62%
MP:   9/15          EV: 27    Int: 20    God:
Gold: 73            SH:  0    Dex: 20    Spells: 9/15 levels left

rFire   . .          .
                       - Unarmed
rCold   . . .        (shield currently unavailable)
rNeg    . . .        a - melded +0 robe
rPois   .            n - melded +0 helmet
rElec   .            (cloak currently unavailable)
rCorr   .            (gloves currently unavailable)
SInv    .            (boots currently unavailable)
Will    .....        (no amulet)
Stlth   ++           f - ring of poison resistance
HPRegen 0.24/turn    l - +5 ring of evasion
MPRegen 0.14/turn

%: no passive effects
@: spider-form, heavily drained
A: venomous fangs, tiny
a: End Transformation


You were on level 3 of the Dungeon.
You were a venomous arachnid creature.
You visited 1 branch of the dungeon, and saw 3 of its levels.

You collected 73 gold pieces.

Inventory:

Missiles
 o - 3 boomerangs
Armour
 a - a +0 robe (melded)
 n - a +0 helmet (melded)
Jewellery
 f - a ring of poison resistance (left front pincers)
 l - a +5 ring of evasion (right front pincers)
Scrolls
 c - 2 scrolls of magic mapping
 d - a scroll of teleportation
 i - a scroll of silence {unknown}
 j - a scroll of fear {unknown}
 k - 2 scrolls of noise {unknown}
 m - a scroll of identify
Potions
 b - 3 potions of lignification
 e - a potion of might {unknown}
 g - a potion of mutation
 h - 2 potions of attraction


   Skills:
 - Level 0.7 Fighting
 - Level 4.0 Dodging
 - Level 2.4 Unarmed Combat
 - Level 5.0 Spellcasting
 - Level 5.0 Transmutations
 + Level 3.8 Poison Magic


You had 9 spell levels left.
You knew the following spells:

 Your Spells              Type           Power      Damage    Failure   Level
a - Beastly Appendage     Tmut           50%        N/A       7%          1
b - Wereblood             Tmut           25%        N/A       9%          2
c - Spider Form           Tmut/Pois      22%        N/A       16%         3

Your spell library contained the following spells:

 Spells                   Type           Power      Damage    Failure   Level
 Dazzling Flash           Conj/Hex       10%        N/A       56%         3
 Volatile Blastmotes      Fire/Tloc      10%        2d10      56%         3
 Ice Form                 Ice/Tmut       15%        N/A       61%         4
 Iskenderun's Mystic Bla  Conj/Tloc      5%         2d3       89%         4
 Starburst                Conj/Fire      2%         6d3       100%        6


Dungeon Overview and Level Annotations

Branches:
Dungeon (3/15) Zot: 15793

Altars:


Message History

Unknown command.
You closely miss the wight.
The wight is moderately damaged.
The wight misses you.
You hit the wight.
The wight is moderately damaged.
The wight completely misses you.
You closely miss the wight.
The wight is moderately damaged.
The wight hits you with a +0 scimitar!
You closely miss the wight.
The wight is moderately damaged.
The wight misses you.
Casting: Spider Form (dangerous; 5% risk of failure)
Confirm with . or Enter, or press ? or * to list all spells.
You turn into a venomous arachnid creature.
Your +0 helmet melds into your body.
Your +0 robe melds into your body.
The wight completely misses you.
You hit the wight but do no damage.
The wight is moderately damaged.
You hit the wight.
The wight is heavily damaged.
The wight barely misses you.
You hit the wight.
The wight is severely damaged.
The wight barely misses you.
You hit the wight but do no damage.
The wight is severely damaged.
The wight hits you with a +0 scimitar!
* * * LOW HITPOINT WARNING * * *
You feel drained.
* * * LOW HITPOINT WARNING * * *
Unknown command.
Unknown command.
You hit the wight.
The wight is severely damaged.
The wight hits you with a +0 scimitar!
* * * LOW HITPOINT WARNING * * *
You feel drained.
You die...

#### #.. #z# #s# #.#
#### #.#
.########... #)#
.......)..##
#.############..##
#.>...# #.......<.
#####.###.####..##
#######<##........##
............####....


You could see a wight.

Vanquished Creatures
  Sigmund (D:2)
  3 wights (D:3)
  Jessica (D:3)
  Robin (D:2)
  3 adders
  2 dart slugs
  4 ball pythons
  3 bats
  4 endoplasms
  7 goblins
  2 hobgoblins (D:2)
  7 kobolds
  2 quokkas (D:1)
  5 frilled lizards
  4 rats
49 creatures vanquished.

Notes
Turn   | Place    | Note
-------+----------+-------------------------------------------
     0 | D:1      | NinjaNoafa the Deep Elf Transmuter began the quest for the
                  | Orb.
     0 | D:1      | Reached XP level 1. HP: 11/11 MP: 6/6
   266 | D:1      | Reached XP level 2. HP: 15/16 MP: 6/8
   353 | D:1      | Learned a level 2 spell: Wereblood
   375 | D:1      | You fall into a shaft and drop 1 floor!
   462 | D:2      | Identified the +2 dagger of Pride {flame, rElec rC+}
   536 | D:2      | Noticed Robin
  1078 | D:2      | Reached XP level 3. HP: 19/20 MP: 6/10
  1351 | D:2      | Noticed Sigmund
  1370 | D:2      | Killed Sigmund
  1371 | D:2      | Reached skill level 5 in Spellcasting
  1371 | D:2      | Reached skill level 5 in Transmutations
  1371 | D:2      | Reached skill level 1 in Poison Magic
  1371 | D:2      | Reached XP level 4. HP: 11/24 MP: 10/13
  1371 | D:2      | Reached XP level 5. HP: 13/28 MP: 10/14
  1750 | D:2      | Killed Robin
  1937 | D:3      | Learned a level 3 spell: Spider Form
  2093 | D:3      | Noticed Jessica
  2100 | D:3      | Killed Jessica
  2162 | D:3      | Reached XP level 6. HP: 33/33 MP: 7/15
  2215 | D:3      | Slain by a wight

Illustrated notes

Levels and vault maps discovered:
D:1:      psy_arrival_radial02, layout_basic
D:2:      layout_loops_ring, uniq_sigmund, uniq_robin
D:3:      layout_loops_ring, chequers_serial_rivers_micro_c, uniq_terence,
          uniq_jessica

Skill      XL: |  1  2  3  4  5  6 |
---------------+-------------------+-----
Transmutations | 3 5 |  5.0
Spellcasting   | 4 5 |  5.0
Poison Magic   | 1 2 3 |  3.8
Dodging        | 3 4 |  4.0
Fighting       | |  0.7
Unarmed Combat | |  2.4

Action                     |  1- 3 |  4- 6 || total
---------------------------+-------+-------++-------
  Melee: Unarmed           |    70 |    88 ||   158
         Kick              |    13 |     7 ||    20
         Headbutt          |    12 |     4 ||    16
         Punch             |     2 |       ||     2
   Cast: Beastly Appendage |    20 |     3 ||    23
         Wereblood         |    10 |     7 ||    17
         Spider Form       |       |     6 ||     6
    Use: Scroll            |     5 |       ||     5
         Potion            |     1 |       ||     1
   Stab: Sleeping          |       |     1 ||     1
 Armour: Robe              |    11 |     1 ||    12
         Skin              |     5 |     1 ||     6
  Dodge: Dodged            |    38 |    65 ||   103
